 Dungeon Crawl Stone Soup version 0.31-a0-656-gb4d89c20fa (webtiles) character file.

Game seed: 6331655883099916791

47304 SuPeRPuSSyNoOTAB the Covert (level 14, -9/83 HPs)
             Began as a Vampire Enchanter on Aug 30, 2023.
             Was a High Priest of Dithmenos.
             Mangled by a death yak (24 damage)
             ... in an ice cave.
             The game lasted 00:40:15 (21863 turns).

SuPeRPuSSyNoOTAB the Covert (Vampire Enchanter)    Turns: 21863, Time: 00:40:16

Health: -9/83      AC: 10    Str:  7    XL:     14   Next: 8%
Magic:  16/26      EV: 16    Int: 22    God:    Dithmenos [*****.]
Gold:   1145       SH:  0    Dex: 17    Spells: 9/29 levels left

rFire   . . .        N - +4 quick blade
rCold   + + .        (no shield)
rNeg    + + +        j - +0 steam dragon scales
rPois   ∞            m - +2 hat {Will+}
rElec   .            A - +0 cloak
rCorr   .            M - +0 pair of gloves
SInv    +            q - +0 pair of boots of the Sacrificial Victim {+Blink +Inv Will+ Int-4}
Will    ++++.        b - amulet of the acrobat Stlth ***+++++++
                     t - ring of willpower
HPRegen 0.00/turn    h - +6 ring of intelligence
MPRegen 0.20/turn

%: acrobat
@: confusing by touch, bloodless, inhibited regen, wreathed by umbra
A: bloodless, fangs 3, see invisible, vampiric 2
a: Bat Form, Revivify, Renounce Religion, Evoke Blink, Evoke Invisibility,
Shadow Step, Shadow Form


You were in an ice cave.
You worshipped Dithmenos.
Dithmenos was extremely pleased with you.
You visited 2 branches of the dungeon, and saw 18 of its levels.
You also visited: Bailey and Ice Cave.

You collected 1145 gold pieces.

Inventory:

Hand Weapons
 N - a +4 quick blade (weapon)
 T - a +3 scimitar of draining
Missiles
 a - 2 throwing nets
 e - 49 poisoned darts (quivered)
Armour
 j - +0 steam dragon scales (worn)
 m - a +2 hat of willpower (worn)
 q - the +0 pair of boots of the Sacrificial Victim (worn) {+Blink +Inv Will+ Int-4}
   (You found it on level 2 of the Dungeon)

   Int-4:     It affects your intelligence (-4).
   Will+:     It increases your willpower.
   +Inv:      It lets you turn invisible.
   +Blink:    It lets you blink.
 A - a +0 cloak (worn)
 M - a +0 pair of gloves (worn)
Magical Staves
 x - a staff of earth
Jewellery
 b - an amulet of the acrobat (around neck)
 f - a ring of protection from cold
 h - a +6 ring of intelligence (right hand)
 s - an amulet of reflection
 t - a ring of willpower (left hand)
 v - a ring of resist corrosion
 L - a ring of poison resistance
Wands
 w - a wand of iceblast (24)
 E - a wand of digging (5)
 F - a wand of mindburst (7)
 J - a wand of quicksilver (5)
 P - a wand of charming (10)
 Q - a wand of polymorph (4)
Scrolls
 o - 3 scrolls of fear
 u - 6 scrolls of noise
 y - 3 scrolls of amnesia
 C - 3 scrolls of teleportation
 D - 3 scrolls of vulnerability
 I - a scroll of immolation
 K - 2 scrolls of revelation
 R - a scroll of silence
 S - a scroll of acquirement
Potions
 c - a potion of invisibility
 g - 4 potions of heal wounds
 i - 6 potions of ambrosia {unknown}
 k - 5 potions of magic
 l - 2 potions of lignification {unknown}
 n - 3 potions of mutation {unknown}
 p - 6 potions of attraction
 r - a potion of enlightenment {unknown}
 z - 6 potions of might
 B - 3 potions of cancellation {unknown}
 G - 7 potions of curing {unknown}
 H - 2 potions of haste
 O - a potion of brilliance {unknown}
Miscellaneous
 d - a lightning rod (4/4)


   Skills:
 + Level 7.9 Fighting
 + Level 11.2 Short Blades
 - Level 4.0 Throwing
 - Level 1.0 Armour
 - Level 8.0 Dodging
 * Level 14.0 Stealth
 - Level 8.0 Spellcasting
 - Level 3.0 Conjurations
 + Level 10.7 Hexes
 + Level 4.2 Transmutations
 + Level 5.1 Ice Magic
 + Level 3.8 Earth Magic
 - Level 8.0 Invocations
 + Level 4.8 Evocations


You had 9 spell levels left.
You knew the following spells:

 Your Spells              Type           Power      Damage    Failure   Level
a - Ensorcelled Hibernat  Hex/Ice        86%        N/A       1%          2
b - Confusing Touch       Hex            54%        N/A       1%          3
c - Dazzling Flash        Conj/Hex       78%        N/A       1%          3
d - Tukima's Dance        Hex            54%        N/A       1%          3
e - Metabolic Englaciati  Hex/Ice        21%        N/A       8%          5
f - Petrify               Tmut/Erth      26%        N/A       14%         4

Your spell library contained the following spells:

 Spells                   Type           Power      Damage    Failure   Level
 Freeze                   Ice            100%       1d10      1%          1
 Wereblood                Tmut           27%        N/A       1%          2
 Frozen Ramparts          Ice            62%        1d10      2%          3
 Sting                    Tmut/Pois      72%        1d6       3%          1
 Hailstorm                Conj/Ice       26%        3d7       4%          3
 Poisonous Vapours        Pois/Air       16%        N/A       11%         2
 Sublimation of Blood     Necr           8%         N/A       11%         2
 Iskenderun's Battlesphe  Conj           22%        2d8       52%         5
 Olgreb's Toxic Radiance  Pois           8%         N/A       58%         4
 Fireball                 Conj/Fire      7%         3d5       73%         5
 Conjure Ball Lightning   Conj/Air       7%         3x3d6     99%         6
 Orb of Destruction       Conj           11%        9d6       100%        7
 Summon Hydra             Summ           4%         N/A       100%        7


Dungeon Overview and Level Annotations

Branches:
Dungeon (13/15)            Temple (0/1) D:5            Lair (5/5) D:8
  Swamp (0/4) Lair:2        Snake (0/4) Lair:3        Slime (0/5) Lair:4
    Orc (0/2) D:11         Bailey (visited)           IceCv (1/1)
 Vaults: D:13-14

Altars:
Dithmenos
Gozag
Makhleb
Okawaru
Ru
Wu Jian
Yredelemnul
Jiyva

Shops:
D:12 (

Portals:
Trove: D:11 (give 2 scrolls of acquirement)

Annotations:
Lair:1 1 runed translucent door
Lair:4 1 runed translucent door, Noum's ghost, journeyman MiBe


Innate Abilities, Weirdness & Mutations

You do not regenerate when monsters are visible.
You are frail without blood (-20% HP).
You can heal yourself when you bite living creatures.
You are immune to poison.
You have razor-sharp teeth.
You have supernaturally acute eyesight. (SInv)
You are afflicted with vampirism and can become a bat while bloodless.


Message History

The yak is severely wounded.
The polar bear bites the death yak but does no damage.
The polar bear claws the death yak but does no damage.
The polar bear closely misses the death yak.
The polar bear bites itself but does no damage.
The polar bear claws itself. x2; The yak gores you.
The death yak closely misses you.
You take 4 damage, and have 49/83 hp.
You hit the yak. x2
The yak is almost dead.
You hit the yak.
You kill the yak!
Dithmenos accepts your kill. The death yak misses you.
You see here a yak corpse.
Casting: Confusing Touch (safe; 1% risk of failure)
Confirm with . or Enter, or press ? or * to list all spells.
Your hands begin to glow red.
The death yak gores you!!
You take 20 damage, and have 29/83 hp.
You hit the death yak but do no damage. You barely miss the death yak.
The death yak is lightly wounded.
Your shadow hits the death yak but does no damage. x2
The death yak attacks as it pursues you!
The death yak misses you.
You hit the death yak but do no damage. x2
The death yak is lightly wounded.
Your shadow hits the death yak but does no damage. x2
The death yak gores you but does no damage.
You hit the death yak but do no damage. x2
The death yak is lightly wounded.
The death yak gores you!
* * * LOW HITPOINT WARNING * * *
You take 14 damage, and have 15/83 hp.
You hit the death yak but do no damage. You barely miss the death yak.
The death yak is lightly wounded.
Your shadow hits the death yak with a quick blade. x2
You hit the death yak but do no damage. x2
The death yak is lightly wounded.
The death yak gores you!!
You die...

≈≈≈≈≈≈≈#.#
#≈≈≈≈≈≈#†##
###≈≈≈≈≈≈##†#
##.##≈≈#≈≈##.#
#Yh.##≈##≈#..#
#..#..######..#
#..###.#.#.#...#
.... #.†#hY#...#
.hY.#
##..##@..##
..h.. #.###..##
p..Y# ##. #.##
.##..# #.##.# .#
..# ## #..# #.#
.#


You could see a death yak and a polar bear (confused).

Vanquished Creatures
  Harold (Lair:1)
  2 vault guards (Bailey)
  3 hydras (Lair:2)
  2 boulder beetles (D:11)
  A catoblepas (Lair:3)
  A two-headed ogre (D:10)
  5 death yaks
  Urug (Lair:4)
  2 skysharks
  An ugly thing (D:11)
  A deep elf pyromancer (D:12)
  A manticore (D:12)
  2 elephants
  5 black mambas
  10 cane toads
  4 centaur zombies (D:11)
  Maggie (D:8)
  Jeremiah (D:7)
  A gargoyle (D:12)
  3 unseen horrors
  A rime drake (Lair:1)
  A kobold demonologist (D:6)
  4 komodo dragons
  A merfolk (D:12)
  2 trolls (D:11)
  12 polar bears
  Prince Ribbit (D:7)
  12 blink frogs
  Sigmund (D:3)
  8 slime creatures (D:12)
  2 shadows
  6 wyverns
  3 vampires (D:11)
  6 wraiths
  33 yaks
  4 basilisks
  5 humans
  A steam dragon (Lair:2)
  Menkaure (D:7)
  An acid dragon (D:12)
  2 sky beasts
  14 water moccasins
  5 orc warriors
  An ice beast (D:8)
  4 black bears
  25 wolves
  3 ogres
  5 centaurs
  A phantom (D:5)
  24 bullfrogs
  2 kobold brigands (D:8)
  2 gnoll sergeants
  A scorpion (D:5)
  7 wights
  9 killer bees (D:9)
  2 howler monkeys
  A crimson imp (D:12)
  5 jellies
  A hound (D:5)
  2 gnoll boudas
  7 orc priests
  An iguana (D:6)
  A boggart zombie (D:11)
  11 orc wizards
  21 gnolls
  8 adders
  A shadow imp (D:8)
  3 white imps
  An ufetubus (D:5)
  3 worms
  4 dart slugs
  47 orcs
  7 ball pythons
  11 endoplasms
  5 giant cockroaches
  12 goblins
  8 hobgoblins
  4 jackals (D:4)
  29 kobolds
  5 quokkas
  4 frilled lizards
  9 rats
  A spectral hobgoblin (D:1)
472 creatures vanquished.

Vanquished Creatures (collateral kills)
  Snorg (D:10)
  A kobold brigand (D:8)
  2 gnolls (D:8)
4 creatures vanquished.

Vanquished Creatures (others)
  A kobold (D:8)
1 creature vanquished.

Grand Total: 477 creatures vanquished

Notes
Turn   | Place    | Note
-------+----------+-------------------------------------------
     0 | D:1      | SuPeRPuSSyNoOTAB the Vampire Enchanter began the quest for
                  | the Orb.
     0 | D:1      | Reached XP level 1. HP: 13/13 MP: 3/3
    44 | D:1      | Reached skill level 1 in Fighting
   346 | D:1      | Reached XP level 2. HP: 16/16 MP: 5/5
   387 | D:1      | Learned a level 2 spell: Ensorcelled Hibernation
   772 | D:1      | Found a faded altar of an unknown god.
   795 | D:1      | Prayed at the altar of an unknown god.
   795 | D:1      | Became a worshipper of Dithmenos the Shadowed
   795 | D:1      | Reached * piety under Dithmenos
   976 | D:1      | Gained mutation: You are afflicted with vampirism and can
                  | become a bat while bloodless. [Vampire growth]
   976 | D:1      | Reached XP level 3. HP: 21/21 MP: 6/6
  1085 | D:2      | Learned a level 3 spell: Confusing Touch
  1482 | D:2      | Reached XP level 4. HP: 26/26 MP: 4/7
  1562 | D:2      | Reached skill level 1 in Invocations
  1584 | D:2      | Reached ** piety under Dithmenos
  1890 | D:2      | Identified the +0 pair of boots of the Sacrificial Victim
                  | {+Blink +Inv Will+ Int-4}
  2233 | D:3      | Found an ornate altar of the Wu Jian Council.
  2329 | D:3      | Noticed Sigmund
  2337 | D:3      | Killed Sigmund
  2338 | D:3      | Reached XP level 5. HP: 30/30 MP: 8/8
  2338 | D:3      | Reached XP level 6. HP: 35/35 MP: 9/9
  2356 | D:3      | You fall into a shaft and drop 3 floors!
  2391 | D:5      | Entered Level 5 of the Dungeon
  2391 | D:5      | Found a staircase to the Ecumenical Temple.
  2429 | D:5      | Learned a level 3 spell: Dazzling Flash
  2429 | D:5      | Found a basalt altar of Yredelemnul.
  2495 | D:5      | Reached skill level 1 in Conjurations
  3013 | D:4      | Reached *** piety under Dithmenos
  3112 | D:4      | Reached XP level 7. HP: 40/40 MP: 5/10
  3661 | D:3      | Found a burning altar of Makhleb.
  4087 | D:5      | Reached skill level 5 in Hexes
  4754 | D:6      | Reached XP level 8. HP: 26/44 MP: 10/14
  4967 | D:6      | Reached skill level 5 in Spellcasting
  5051 | D:6      | Found an opulent altar of Gozag.
  5373 | D:6      | Noticed a kobold demonologist
  5374 | D:6      | Killed a kobold demonologist
  5375 | D:6      | Reached skill level 5 in Stealth
  5375 | D:6      | Reached skill level 1 in Ice Magic
  5749 | D:7      | Noticed Jeremiah
  5779 | D:7      | Reached skill level 6 in Stealth
  5814 | D:7      | Learned a level 3 spell: Tukima's Dance
  5844 | D:7      | Reached **** piety under Dithmenos
  5962 | D:7      | Found a flagged portal.
  5969 | D:7      | Reached skill level 5 in Short Blades
  5983 | Bailey   | Entered a bailey
  6018 | Bailey   | Reached XP level 9. HP: 48/48 MP: 15/18
  6084 | Bailey   | Reached skill level 7 in Stealth
  6289 | Bailey   | Reached skill level 8 in Stealth
  6684 | Bailey   | Noticed a vault guard
  6694 | Bailey   | Killed a vault guard
  6695 | Bailey   | Reached XP level 10. HP: 48/56 MP: 14/19
  6736 | Bailey   | Noticed a vault guard
  6777 | Bailey   | Killed a vault guard
  6976 | D:7      | Reached skill level 5 in Dodging
  7021 | D:7      | Killed Jeremiah
  7078 | D:7      | Noticed Menkaure
  7083 | D:7      | Killed Menkaure
  7438 | D:7      | Noticed Prince Ribbit
  7457 | D:7      | Killed Prince Ribbit
  7458 | D:7      | Reached skill level 1 in Evocations
  8302 | D:8      | Found an iron altar of Okawaru.
  8652 | D:8      | Noticed Maggie
  8671 | D:8      | Reached skill level 5 in Invocations
  8737 | D:8      | Noticed an elephant
  8759 | D:8      | Killed an elephant
  8877 | D:8      | Found a staircase to the Lair.
  9148 | D:8      | Found a shadowy altar of Dithmenos.
  9521 | D:8      | Found a staircase to the Lair.
  9695 | D:8      | Found a shadowy altar of Dithmenos.
  9892 | D:8      | Found an iron altar of Okawaru.
 10011 | D:8      | Killed Maggie
 10475 | D:9      | Reached XP level 11. HP: 62/62 MP: 20/20
 10665 | D:9      | Identified the +2 robe "Elovait" {rN+ Str-3 Dex+2 Archmagi}
 11651 | D:10     | Entered Level 10 of the Dungeon
 11936 | D:10     | Found a sacrificial altar of Ru.
 12290 | D:10     | Reached skill level 1 in Throwing
 12373 | D:10     | Noticed Snorg
 12383 | D:10     | Killed Snorg
 12384 | D:10     | Reached skill level 5 in Fighting
 12621 | D:11     | Noticed a two-headed ogre
 12632 | D:10     | Killed a two-headed ogre
 12767 | D:11     | Found a portal to a secret trove of treasure.
 12812 | D:11     | Found a staircase to the Orcish Mines.
 13236 | D:11     | Noticed a purple ugly thing
 13255 | D:11     | Killed a purple ugly thing
 13514 | D:11     | Noticed a boulder beetle
 13531 | D:11     | Killed a boulder beetle
 13532 | D:11     | Reached XP level 12. HP: 40/69 MP: 20/23
 13694 | D:11     | Noticed a boulder beetle
 13716 | D:11     | Killed a boulder beetle
 14219 | Lair:1   | Entered Level 1 of the Lair of Beasts
 14373 | Lair:1   | Noticed Harold
 14411 | Lair:1   | Killed Harold
 14412 | Lair:1   | Reached skill level 9 in Stealth
 14675 | Lair:1   | Reached skill level 10 in Short Blades
 14955 | Lair:1   | Reached skill level 10 in Stealth
 15039 | Lair:1   | Noticed a catoblepas
 15059 | Lair:1   | Found a runed translucent door.
 15560 | Lair:2   | Learned a level 5 spell: Metabolic Englaciation
 15565 | Lair:2   | Learned a level 4 spell: Petrify
 15565 | Lair:2   | Noticed a six-headed hydra
 15762 | Lair:2   | Reached skill level 11 in Stealth
 15803 | Lair:2   | Found a staircase to the Swamp.
 15944 | Lair:2   | Noticed a six-headed hydra
 15951 | Lair:2   | Killed a six-headed hydra
 16405 | Lair:2   | Noticed a six-headed hydra
 16410 | Lair:2   | Killed a six-headed hydra
 16411 | Lair:2   | Reached skill level 1 in Transmutations
 16411 | Lair:2   | Reached skill level 1 in Earth Magic
 16426 | Lair:2   | Killed a six-headed hydra
 16664 | Lair:3   | Reached XP level 13. HP: 73/76 MP: 20/25
 17048 | Lair:3   | Found a staircase to the Snake Pit.
 17088 | Lair:3   | HP: 2/76 [wolf (9)]
 17372 | Lair:3   | Reached skill level 12 in Stealth
 18607 | Lair:4   | Noticed Urug
 18674 | Lair:4   | Killed Urug
 18737 | Lair:4   | Found a viscous altar of Jiyva.
 18738 | Lair:4   | Found a staircase to the Slime Pits.
 18869 | Lair:4   | Found a runed translucent door.
 18873 | Lair:4   | Noticed Noum's ghost (journeyman MiBe)
 19359 | Lair:5   | Entered Level 5 of the Lair of Beasts
 19550 | D:12     | Reached skill level 10 in Hexes
 19593 | D:12     | Found Boli's Weapon Emporium.
 20003 | D:12     | Reached skill level 1 in Armour
 20301 | D:12     | Reached skill level 13 in Stealth
 20376 | D:12     | Reached ***** piety under Dithmenos
 20716 | D:12     | Identified a scroll of acquirement
 20801 | D:13     | Found a frozen archway.
 20810 | IceCv    | Entered an ice cave
 21698 | IceCv    | Reached skill level 5 in Ice Magic
 21715 | IceCv    | Reached XP level 14. HP: 83/83 MP: 23/26
 21852 | IceCv    | Reached skill level 14 in Stealth
 21863 | IceCv    | Mangled by a death yak

Illustrated notes

Levels and vault maps discovered:
D:1:      reono_arrival_mine, layout_loops_cross,
          dreamdust_ecumenical_altar_drowned_temple, minmay_pentomino_s4
D:2:      layout_loops_cross, lexackson_kobold_supper
D:3:      layout_loops_cross, nicolae_wu_jian_wuxing_cycle,
          mainiacjoe_overflow_alcove_4, uniq_sigmund
D:4:      layout_rooms
D:5:      layout_basic, overflow_temple_1_default, tso_oasis_becter,
          minmay_temple_entry_tees, grunt_decor_cap
D:6:      layout_loops_ring, grunt_gozag_breadcrumbs, minmay_pentangle
D:7:      layout_cave_pools, enter_bailey_3, minmay_misc_feat_doors,
          uniq_jeremiah, uniq_prince_ribbit1, uniq_menkaure
D:8:      layout_layer_cave, okawaru_ov_weapons_minmay,
          nicolae_dithmenos_the_darkroom, david_lair_generic, uniq_maggie
D:9:      layout_loops_ring
D:10:     hellmonk_ruined_rings, layout_cave_pools, hangedman_ru_absence,
          uniq_snorg
D:11:     layout_long_grid, david_orc_5, enter_trove_6, serial_undead,
          serial_undead_b, serial_undead_b, serial_undead_a, serial_undead_f
D:12:     layout_rooms, serial_shops, shop_fountains,
          chequers_serial_rivers_room_a, drop_trap, hangedman_stone_soup,
          nrook_mini_backslash
D:13:     layout_layer_cave, david_vaults_1, serial_shops,
          nicolae_shop_real_fake_doors, serial_glass, glass_columns_a,
          glass_columns_a, minmay_strange_pillars, due_unseen_surprise,
          minmay_strange_pillars, portal_ice_cave_entry_pillars_1,
          reono_crystal_passage, nicolae_elevator_lobby_plus, uniq_rupert
Lair:1:   gammafunk_lair_enchanted_lake, layout_gridlike, minivault_19,
          uniq_harold
Lair:2:   layout_cave_pods, swamp_mist, grunt_megastairs_1
Lair:3:   layout_gridlike, minmay_snake_entry_six_corridors
Lair:4:   layout_gridlike, slime_entry_1, hellmonk_ghost_happy_afterlife,
          uniq_urug
Lair:5:   minmay_lair_end_frog_pond, layout_cave_pods, nzn_ghost_randoct
IceCv:    ice_cave_caverns_02

Skill      XL: |  1  2  3  4  5  6  7  8  9 10 11 12 13 14 |
---------------+-------------------------------------------+-----
Fighting       | 1 2 4 5 7 |  7.9
Short Blades   | 2 3 4 5 8 9 10 11 | 11.2
Invocations    | 3 4 5 6 7 8 |  8.0
Conjurations   | 2 3 |  3.0
Hexes          | 6 7 9 10 | 10.7
Spellcasting   | 4 6 7 8 |  8.0
Stealth        | 6 8 11 13 14 | 14.0
Ice Magic      | 2 3 5 |  5.1
Dodging        | 7 8 |  8.0
Evocations     | 3 4 |  4.8
Throwing       | 3 4 |  4.0
Transmutations | 1 4 |  4.2
Earth Magic    | 1 3 |  3.8
Armour         | 1 |  1.0

Action                     |  1- 3 |  4- 6 |  7- 9 | 10-12 | 13-15 || total
---------------------------+-------+-------+-------+-------+-------++-------
  Melee: Dagger            |   106 |   117 |   205 |   111 |       ||   539
         Bite              |     9 |     5 |    18 |   134 |   117 ||   283
         Punch             |     1 |     2 |     2 |    19 |     9 ||    33
         Quick blade       |       |       |       |   835 |   639 ||  1474
  Throw: Dart              |     6 |     2 |     8 |    23 |    36 ||    75
   Cast: Ensorcelled Hiber |     7 |    13 |    67 |    92 |    43 ||   222
         Confusing Touch   |       |     3 |     1 |    22 |    27 ||    53
         Dazzling Flash    |       |       |     4 |    41 |    26 ||    71
         Tukima's Dance    |       |       |     1 |    14 |       ||    15
 Invoke: Shadow Step       |       |       |     1 |     9 |       ||    10
Ability: Exsanguinate      |     1 |       |       |       |       ||     1
         Evoke Blink       |       |       |       |     2 |       ||     2
  Evoke: Wand              |       |       |       |       |     1 ||     1
    Use: Potion            |     1 |       |       |     2 |     1 ||     4
         Scroll            |     3 |     3 |     5 |    10 |     7 ||    28
   Stab: Sleeping          |    13 |    25 |    56 |    88 |    56 ||   238
         Distracted        |       |     1 |       |     1 |       ||     2
         Confused          |       |     2 |     1 |    37 |    36 ||    76
         Invisible         |       |       |     4 |    56 |    29 ||    89
 Armour: Robe              |    15 |    28 |    27 |    25 |       ||    95
         Steam dragon scal |       |       |       |    95 |    74 ||   169
  Dodge: Dodged            |    54 |    65 |   108 |   584 |   378 ||  1189

Table legend: (Time is in decaauts)
 A = Elapsed time spent in this place.
 B = Non-inter-level travel time spent in this place.
 C = Inter-level travel time spent in this place.
 D = Time resting spent in this place.
 E = Time spent auto-exploring this place.
 F = Levels seen in this place.
 G = Mean time per level.
                   A        B        C        D        E       F      G
               +--------+--------+--------+--------+--------+-----+--------+
         Total |  21437 |  20649 |    788 |   5160 |   9836 |  20 | 1071.8 |
       Dungeon |  14398 |  13835 |    563 |   3013 |   7087 |  13 | 1107.5 |
          Lair |   5174 |   4950 |    224 |   1067 |   2618 |   5 | 1034.8 |
        Bailey |    875 |    875 |      0 |    574 |     18 |   1 |  875.0 |
      Ice Cave |    988 |    988 |      0 |    504 |    112 |   1 |  988.0 |
               +--------+--------+--------+--------+--------+-----+--------+

Top non-repeatable levels by time:
     D:8: 2532 daAuts
  Lair:2: 1654 daAuts
    D:11: 1468 daAuts
  Lair:3: 1333 daAuts
     D:6: 1297 daAuts
     D:9: 1234 daAuts
    D:12: 1218 daAuts
  Lair:1: 1208 daAuts
     D:7: 1152 daAuts
     D:1: 1076 daAuts
    D:10: 1036 daAuts
     D:5: 999 daAuts
   IceCv: 988 daAuts
     D:2: 953 daAuts
  Lair:4: 952 daAuts
